 Dungeon Crawl Stone Soup version 0.30-a0-857-gcaf70739d4 (webtiles) character file.

Game seed: 8687904472049759563

2581 dialectric the Carver (level 9, -5/56 HPs)
             Began as a Gargoyle Fighter on Mar 5, 2023.
             Was a Follower of Trog.
             Slain by a two-headed ogre
             ... wielding a +0 giant club
              (12 damage)
             ... on level 8 of the Dungeon.
             The game lasted 00:12:18 (7465 turns).

dialectric the Carver (Gargoyle Fighter)            Turns: 7465, Time: 00:12:18

Health: -5/56      AC: 19    Str: 25    XL:     9   Next: 58%
Magic:  9/9        EV: 11    Int:  9    God:    Trog [*.....]
Gold:   209        SH:  0    Dex: 21    Spells: 8/8 levels left

rFire   . . .      SeeInvis .    I - +0 long sword "Aniulo" {flame, rElec rN+ Dex+4}
rCold   . . .      Faith    .    (no shield)
rNeg    + + .      Spirit   .    s - +2 scale mail "Soel" {Str+3}
rPois   ∞          Reflect  .    (no helmet)
rElec   +          Rampage  .    r - +0 cloak
rCorr   .                        (no gloves)
Will    .....                    z - +1 pair of boots
Stlth   ++                       x - amulet of the acrobat
HPRegen 0.29/turn                y - +6 ring of dexterity
MPRegen 0.11/turn                (no ring)

@: no status effects
A: sickness immunity, AC +6, negative energy resistance 1, electricity
resistance, torment resistance 1, petrification resistance
a: Renounce Religion, Berserk


You were on level 8 of the Dungeon.
You worshipped Trog.
Trog was aware of your devotion.
You visited 1 branch of the dungeon, and saw 8 of its levels.

You collected 321 gold pieces.
You spent 112 gold pieces at shops.

Inventory:

Hand Weapons
 a - a +0 long sword
 E - a +4 heavy falchion
 I - the +0 long sword "Aniulo" (weapon) {flame, rElec rN+ Dex+4}
   (You found it on level 8 of the Dungeon)

   Dex:       It affects your dexterity (+4).
   rElec:     It insulates you from electricity.
   rN:        It protects you from negative energy.
Missiles
 p - 9 poisoned darts
 w - 6 curare-tipped darts (quivered)
Armour
 c - a +0 buckler
 e - a +1 chain mail of poison resistance
 i - a +3 scale mail of fire resistance
 r - a +0 cloak (worn)
 s - the +2 scale mail "Soel" (worn) {Str+3}
   (You found it on level 4 of the Dungeon)

   Str:       It affects your strength (+3).
 z - a +1 pair of boots (worn)
 A - +0 acid dragon scales
Jewellery
 v - the amulet of the Air {Inacc Air Fly rElec RMsl}
   (You found it on level 8 of the Dungeon)

   [amulet of nothing]

   Inacc:     It reduces the accuracy of your attacks and spells.
   Air:       It enhances your air magic.
   rElec:     It insulates you from electricity.
   Fly:       It grants you flight.
   RMsl:      It protects you from missiles.
 x - an amulet of the acrobat (around neck)
 y - a +6 ring of dexterity (left hand)
Wands
 d - a wand of flame (12)
 t - a wand of mindburst (16)
 C - a wand of paralysis (4)
Scrolls
 f - 3 scrolls of fear
 g - 2 scrolls of fog
 j - 6 scrolls of identify
 k - 2 scrolls of immolation
 l - a scroll of enchant weapon
 m - a scroll of teleportation
 F - 2 scrolls of blinking
Potions
 b - 2 potions of haste
 h - 4 potions of curing
 n - 2 potions of lignification {unknown}
 o - 2 potions of brilliance {unknown}
 q - 3 potions of mutation {unknown}
 u - a potion of heal wounds {unknown}
 B - a potion of resistance {unknown}
 D - a potion of ambrosia {unknown}
 G - a potion of invisibility {unknown}
 H - a potion of degeneration


   Skills:
 + Level 6.6 Fighting
 + Level 9.3 Long Blades
 - Level 0.1 Throwing
 - Level 5.0 Armour
 - Level 2.2 Dodging
 * Level 4.0 Stealth
 - Level 3.4 Shields
 - Level 0.1 Evocations


You had 8 spell levels left.
You didn't know any spells.
Your spell library contained the following spells:

 Spells                   Type           Power      Damage    Failure   Level
 Ensorcelled Hibernation  Hex/Ice        0%         N/A       80%         2
 Spider Form              Tmut/Pois      0%         N/A       95%         3
 Anguish                  Hex/Necr       0%         N/A       100%        4
 Malign Gateway           Summ/Tloc      0%         N/A       100%        7
 Summon Horrible Things   Summ           0%         N/A       100%        8


Dungeon Overview and Level Annotations

Branches:
Dungeon (8/15)             Temple (0/1) D:7
   Lair: D:8-11

Altars:
Fedhas
Hepliaklqana
Kikubaaqudgha
Sif Muna
Trog
Uskayaw
Wu Jian
Xom

Shops:
D:1 [   D:7 ?


Innate Abilities, Weirdness & Mutations

You are immune to sickness and miasma.
Your stone body is resilient. (AC +6)
You are immune to poison.
You resist negative energy. (rN+)
You are resistant to electric shocks. (rElec)
You are resistant to unholy torment.
You are immune to petrification.


Message History

You barely miss Maggie.
Maggie is severely wounded.
Maggie hits you with a +1 heavy war axe!
You hit Maggie but do no damage.
Maggie is severely wounded.
You hit Maggie. You burn Maggie.
Maggie is severely wounded.
Maggie points at you and mumbles some strange words.
The bolt of fire hits you!
* * * LOW HITPOINT WARNING * * *
You hit Maggie. You burn Maggie.
Maggie is almost dead.
Maggie barely misses you.
You slash Maggie! You burn Maggie.
You break out of your daze!
You kill Maggie!
Trog accepts your kill.
Trog appreciates your killing of a magic user.
Your Stealth skill increases to level 4!
Things that are here:
a +1 heavy war axe; +0 acid dragon scales
Things that are here:
a +1 heavy war axe; +0 acid dragon scales A - +0 acid dragon scales A two-headed ogre comes into view.
It is wielding two +0 giant clubs.
The two-headed ogre shouts in stereo!
You see here a ruby potion.
D - a ruby potion
Aiming: Paralyse
Press: ? - help, Shift-Dir - straight line, f - two-headed ogre
Aim: a two-headed ogre, wielding two +0 giant clubs (chance to affect: 31%)
The two-headed ogre easily resists.
Aiming: Paralyse
Press: ? - help, Shift-Dir - straight line, f/p - two-headed ogre
Aim: a two-headed ogre, wielding two +0 giant clubs (chance to affect: 31%)
The two-headed ogre easily resists.
The two-headed ogre hits you with a +0 giant club!
* * * LOW HITPOINT WARNING * * *
The two-headed ogre hits you with a +0 giant club!
You die...

#.##...#≈≈≈≈≈................# #.
..##...#≈≈≈~≈~...............##..
..##<..#≈≈≈~.~...####............
..##...##≈≈~≈~..##...............
...#....###~~~###............#...
..........#####.....##......## ..
#....)...................#..##...
#....................[.......#...
#.....####......@................
#....#..........O..............#.
#.........#.................####
#........##))..............##.###
#....###.###....................#
..........#..##...<.....#......##
>............##.........####.###
#..........####...............#
..#..........#................#


You could see a two-headed ogre.

Vanquished Creatures
  Maggie (D:8)
  A hornet (D:5)
  Sigmund (D:2)
  A steam dragon (D:8)
  2 ice beasts
  2 orc warriors
  A sky beast (D:8)
  A centaur (D:6)
  3 bullfrogs
  3 scorpions
  A howler monkey (D:6)
  2 jellies (D:5)
  3 orc priests
  3 hounds
  6 iguanas
  Ijyb (D:3)
  2 sleepcaps
  9 orc wizards
  6 adders
  3 shadow imps
  A white imp (D:7)
  6 dart slugs
  20 orcs
  5 endoplasms (D:4)
  4 giant cockroaches
  5 goblins
  4 hobgoblins
  2 jackals (D:1)
  8 kobolds
  4 quokkas
  7 ball pythons
  6 bats
  2 frilled lizards
  8 rats
134 creatures vanquished.

Vanquished Creatures (others)
  2 plants (D:7)
2 creatures vanquished.

Grand Total: 136 creatures vanquished

Notes
Turn   | Place    | Note
-------+----------+-------------------------------------------
     0 | D:1      | dialectric the Gargoyle Fighter began the quest for the
                  | Orb.
     0 | D:1      | Reached XP level 1. HP: 14/14 MP: 1/1
    97 | D:1      | Reached XP level 2. HP: 3/19 MP: 2/2
   409 | D:1      | Found Dusib's Antique Armour Shop.
   474 | D:1      | Reached skill level 2 in Long Blades
   575 | D:1      | Reached XP level 3. HP: 22/23 MP: 3/3
   776 | D:2      | Found a blossoming altar of Fedhas.
   794 | D:2      | Noticed Sigmund
   802 | D:2      | Killed Sigmund
   803 | D:2      | Reached skill level 4 in Long Blades
   803 | D:2      | Reached skill level 1 in Dodging
   803 | D:2      | Reached XP level 4. HP: 14/29 MP: 4/4
   803 | D:2      | Reached XP level 5. HP: 16/33 MP: 5/5
  1519 | D:3      | Reached XP level 6. HP: 38/38 MP: 6/6
  1621 | D:3      | Noticed Ijyb
  1694 | D:3      | Killed Ijyb
  2093 | D:4      | Identified the +2 scale mail "Soel" {Str+3}
  2172 | D:4      | Found a hazy altar of Hepliaklqana.
  2190 | D:4      | Found a shimmering altar of Xom.
  2358 | D:4      | Found a bloodstained altar of Trog.
  2408 | D:4      | Found a hide-covered altar of Uskayaw.
  2416 | D:4      | Found an ancient bone altar of Kikubaaqudgha.
  2452 | D:4      | Became a worshipper of Trog the Wrathful
  3202 | D:5      | Entered Level 5 of the Dungeon
  3263 | D:4      | Reached XP level 7. HP: 31/43 MP: 7/7
  3321 | D:5      | Reached skill level 5 in Armour
  3695 | D:5      | Found an ornate altar of the Wu Jian Council.
  3852 | D:5      | Reached skill level 5 in Long Blades
  3968 | D:5      | Found a shimmering blue altar of Sif Muna.
  4558 | D:6      | Reached skill level 6 in Long Blades
  4629 | D:6      | Identified the +1 war axe of the Briny Deep {flame, rC+}
  4635 | D:6      | Noticed a hornet
  4665 | D:5      | HP: 2/66 [hornet (2)]
  4666 | D:5      | Killed a hornet
  4667 | D:5      | Reached XP level 8. HP: 2/48 MP: 8/8
  4669 | D:5      | Reached skill level 5 in Fighting
  4864 | D:5      | Reached skill level 7 in Long Blades
  5408 | D:5      | Reached * piety under Trog
  5409 | D:5      | Reached skill level 1 in Stealth
  5626 | D:6      | Reached skill level 8 in Long Blades
  5882 | D:6      | Reached XP level 9. HP: 46/55 MP: 9/9
  6379 | D:7      | Found a staircase to the Ecumenical Temple.
  6775 | D:7      | Found Veywyrph's Magic Scroll Boutique.
  6783 | D:7      | Bought a scroll of blinking for 112 gold pieces
  7276 | D:8      | Identified the +0 long sword "Aniulo" {flame, rElec rN+
                  | Dex+4}
  7356 | D:8      | Reached skill level 9 in Long Blades
  7360 | D:8      | Found the amulet of the Air {Inacc Air Fly rElec RMsl}
  7434 | D:8      | Noticed Maggie
  7454 | D:8      | Killed Maggie
  7458 | D:8      | Noticed a two-headed ogre
  7465 | D:8      | Slain by a two-headed ogre

Illustrated notes

Levels and vault maps discovered:
D:1:      mushboom_english_gardens, layout_rooms, serial_shops, shop
D:2:      layout_rooms, basic_altar, uniq_sigmund
D:3:      layout_basic, uniq_ijyb, uniq_crazy_yiuf_cottage
D:4:      layout_basic, kennysheep_mini, grunt_temple_overflow_open,
          chequers_jeans, minmay_manual_macuahuitl
D:5:      layout_basic, nicolae_sif_muna_condensation,
          pdpol_wu_jian_five_deadly_venoms
D:6:      layout_cave_pools
D:7:      layout_basic, minmay_temple_entry_overgrown, serial_shops, shop
D:8:      layout_cave_pools, mainiacjoe_overflow_chevrons, enter_bailey_7,
          nicolae_underground_beach, uniq_maggie

Skill      XL: |  1  2  3  4  5  6  7  8  9 |
---------------+----------------------------+-----
Long Blades    | 2 4 6 8 9 |  9.3
Armour         | 4 5 |  5.0
Dodging        | 1 2 |  2.2
Fighting       | 4 6 |  6.6
Stealth        | 2 4 |  4.0
Throwing       | |  0.1
Shields        | |  3.4
Evocations     | |  0.1

Action                     |  1- 3 |  4- 6 |  7- 9 || total
---------------------------+-------+-------+-------++-------
  Melee: Long sword        |   118 |   270 |   284 ||   672
         Punch             |       |     4 |     4 ||     8
         Falchion          |       |       |    38 ||    38
  Throw: Dart              |       |       |     2 ||     2
 Invoke: Berserk           |       |       |     1 ||     1
  Evoke: Wand              |       |       |    10 ||    10
    Use: Potion            |     1 |       |     3 ||     4
         Scroll            |       |     1 |     9 ||    10
 Armour: Scale mail        |    88 |   226 |   197 ||   511
  Dodge: Dodged            |    69 |   187 |   174 ||   430

Table legend: (Time is in decaauts)
 A = Elapsed time spent in this place.
 B = Non-inter-level travel time spent in this place.
 C = Inter-level travel time spent in this place.
 D = Time resting spent in this place.
 E = Time spent auto-exploring this place.
 F = Levels seen in this place.
 G = Mean time per level.
                   A        B        C        D        E       F      G
               +--------+--------+--------+--------+--------+-----+--------+
         Total |   7607 |   7188 |    419 |   1099 |   4230 |   8 |  950.9 |
       Dungeon |   7607 |   7188 |    419 |   1099 |   4230 |   8 |  950.9 |
               +--------+--------+--------+--------+--------+-----+--------+

Top non-repeatable levels by time:
     D:5: 2041 daAuts
     D:4: 1311 daAuts
     D:3: 1124 daAuts
     D:6: 890 daAuts
     D:7: 865 daAuts
     D:1: 641 daAuts
     D:2: 507 daAuts
     D:8: 225 daAuts
